Map: Jagannatha LE

Players

Massa - Winner!

  • Race: Terran Terran
  • League: Platinum
  • Spawn Location: 1:00

MrEnigma

  • Race: Terran Terran
  • League: Platinum
  • Spawn Location: 7:00

VOD

Have the link to the VOD?

Description

Time

  • Played on: Jan. 16, 2021, 11:56 a.m.
  • Length: 30:52
Show
View Real Time Build Order
Export as new Build Order

Massa Terran - Winner!

Build Orders:  

Get SALT Encoding   

  12  0:00  SCV  
  13  0:12  SCV  
  14  0:19  Supply Depot  
  14  0:24  SCV  
  15  0:41  SCV  
  16  0:43  Barracks  
  16  0:50  Refinery  
  16  0:53  SCV  
  17  1:05  SCV  
  18  1:17  SCV  
  19  1:36  Barracks Reactor  
  19  1:39  Command Center  
  19  1:43  Orbital Command  
  19  2:03  Supply Depot  
  19  2:05  Supply Depot  
  19  2:09  SCV  
  20  2:15  Marine  
  20  2:20  Bunker  
  20  2:21  SCV  
  22  2:23  Marine  
  23  2:33  Marine  
  23  2:34  SCV  
  25  2:41  Marine  
  26  2:46  SCV  
  26  2:51  Marine  
  27  2:52  Orbital Command  
  28  2:58  SCV  
  28  2:59  Marine  
  30  3:09  Marine  
  30  3:11  SCV  
  32  3:14  Factory  
  32  3:16  Marine  
  32  3:18  SCV  
  34  3:23  SCV  
  34  3:27  Marine  
  35  3:30  SCV  
  37  3:34  Marine  
  38  3:42  SCV  
  38  3:43  SCV  
  38  3:48  Supply Depot  
  41  3:51  Engineering Bay  
  41  3:55  SCV x2  
  42  4:05  Barracks Tech Lab  
  42  4:07  SCV  
  42  4:08  Starport  
  42  4:09  Hellion x2  
  47  4:15  SCV  
  48  4:19  SCV  
  48  4:21  Terran Infantry Weapons Level 1  
  49  4:26  Command Center  
  49  4:27  SCV, Missile Turret  
  49  4:30  Missile Turret  
  49  4:31  SCV  
  51  4:39  SCV  
  52  4:54  Hellion x2  
  56  5:12  Barracks Tech Lab, Banshee  
  56  5:13  Refinery  
  59  5:15  Cloaking Field  
  59  5:20  Hellion  
  61  5:25  Supply Depot  
  61  5:29  Hellion  
  61  5:32  Missile Turret  
  61  5:38  Missile Turret  
  61  5:50  Missile Turret  
  58  6:07  Banshee  
  58  6:10  SCV x2  
  63  6:15  Terran Infantry Armor Level 1, SCV  
  64  6:22  SCV  
  64  6:23  SCV  
  66  6:27  SCV  
  67  6:49  Banshee  
  67  7:03  Barracks  
  67  7:04  Barracks  
  67  7:05  Barracks x2  
  67  7:06  Armory  
  67  7:08  Engineering Bay  
  67  7:10  Barracks  
  67  7:13  Refinery  
  64  7:31  Planetary Fortress  
  64  7:35  Missile Turret  
  64  7:38  Sensor Tower  
  64  7:50  Refinery  
  64  7:52  SCV  
  64  7:53  SCV  
  64  7:56  Missile Turret  
  66  8:04  SCV  
  66  8:05  SCV  
  67  8:17  SCV x2  
  66  8:29  SCV x2  
  68  8:36  Medivac  
  70  8:44  Barracks Reactor x2, Barracks Tech Lab x3  
  67  8:51  Siege Tank  
  70  9:05  Refinery, SCV x3  
  70  9:06  Refinery, Medivac  
  75  9:17  SCV x3  
  75  9:23  Siege Tank  
  81  9:24  Supply Depot  
  81  9:28  Supply Depot  
  81  9:29  SCV x2, Supply Depot  
  83  9:32  Supply Depot  
  83  9:36  Sensor Tower  
  83  9:41  Sensor Tower  
  83  9:53  Marauder x3, Marine  
  83  9:54  Marine x5  
  95  10:02  Raven  
  95  10:11  Marine  
  95  10:12  Marine x5  
  93  10:14  Marauder, Marine x2  
  97  10:23  Terran Infantry Armor Level 2, Starport  
  97  10:24  Starport  
  97  10:29  Marine  
  97  10:30  Marine x5  
  97  10:32  Marine x2  
  97  10:35  Marine  
  106  10:46  Command Center  
  106  10:47  Marine x6  
  106  10:49  Marine  
  112  10:53  Terran Vehicle Weapons Level 1  
  112  10:54  Stimpack, Combat Shield  
  112  10:55  Concussive Shells  
  113  10:57  Marauder  
  113  10:58  Marauder  
  113  11:03  Command Center  
  116  11:07  Starport Tech Lab, Starport Reactor, Command Center  
  116  11:28  Marauder  
  117  11:32  Marauder  
  99  11:55  Siege Tank  
  99  11:57  SCV x3  
  105  12:05  Planetary Fortress  
  105  12:09  SCV x3  
  105  12:13  Marauder x2, Marine  
  105  12:14  Viking x2  
  117  12:16  Banshee  
  117  12:21  SCV, Engineering Bay  
  121  12:27  Siege Tank  
  124  12:31  Missile Turret  
  124  12:33  Planetary Fortress  
  124  12:36  SCV x3  
  127  12:37  SCV  
  127  12:44  Viking x2, Missile Turret  
  128  12:48  SCV x3  
  128  12:49  SCV  
  136  12:55  Raven  
  138  12:59  Siege Tank  
  138  13:00  SCV x2  
  143  13:07  Missile Turret  
  143  13:14  Viking  
  145  13:41  Marauder x3, Marine x2  
  151  13:42  Marine x2  
  151  13:43  Marine x2  
  151  13:44  Siege Tank  
  151  13:47  Viking  
  162  13:56  Refinery  
  162  13:57  Refinery  
  162  14:02  Marauder x3  
  96  14:13  Marine  
  96  14:14  Marine x5  
  96  14:16  Siege Tank  
  105  14:18  SCV  
  105  14:21  Planetary Fortress  
  105  14:23  Marauder x2  
  105  14:24  Marauder  
  112  14:30  SCV  
  112  14:31  Marine x4  
  113  14:32  Marine x2  
  119  14:42  SCV  
  119  14:45  Marauder x3  
  126  14:48  Siege Tank  
  126  14:49  Marine x3  
  132  14:55  SCV  
  133  15:06  Marauder x3  
  138  15:13  Viking x4  
  138  15:21  Siege Tank  
  138  15:37  SCV  
  138  15:38  SCV x4  
  143  15:43  Viking x2  
  143  15:47  Viking x2  
  143  15:49  SCV  
  143  15:50  SCV x2  
  143  15:57  SCV  
  142  15:59  Refinery  
  142  16:01  SCV  
  142  16:02  Refinery  
  143  16:09  SCV  
  141  16:17  Viking  
  141  16:20  Viking x3  
  147  16:31  SCV  
  138  16:44  SCV  
  131  16:47  Viking  
  131  16:50  Viking x3  
  139  16:56  SCV  
  128  17:21  Marauder x3, Marine  
  128  17:22  Marine x5  
  121  17:39  Marine  
  121  17:42  Marauder x2  
  121  17:43  Marauder  
  128  17:46  SCV  
  128  17:50  Terran Vehicle Weapons Level 2, Terran Infantry Weapons Level 2, Terran Infantry Armor Level 3  
  129  17:57  Armory  
  129  17:58  SCV x5  
  133  18:04  Marauder  
  133  18:05  Siege Tank  
  139  18:06  Marauder  
  139  18:07  Marauder, Marine x4  
  147  18:14  SCV  
  147  18:28  SCV  
  147  18:30  Marine  
  147  18:31  Supply Depot  
  147  18:33  Marine  
  147  18:34  Marine, Supply Depot  
  147  18:35  Marine  
  147  18:36  Marine, Supply Depot x2  
  147  18:37  Supply Depot  
  147  18:38  SCV, Marauder  
  147  18:39  SCV x2, Marauder, Marine  
  147  18:42  Raven  
  147  18:44  Raven  
  147  18:52  Marine, Viking x2, Siege Tank  
  147  18:55  Marine x4, Supply Depot  
  155  18:56  Marauder  
  155  18:57  Marine  
  155  18:58  Supply Depot  
  155  18:59  Marauder, Supply Depot  
  155  19:00  Supply Depot  
  155  19:01  Marauder, Supply Depot  
  166  19:13  Marine x2  
  166  19:14  Missile Turret  
  168  19:17  Marauder  
  168  19:20  Marauder  
  168  19:22  Marauder, Viking, Supply Depot  
  173  19:24  Siege Tank  
  173  19:25  Supply Depot  
  165  19:34  Missile Turret  
  157  19:39  Marauder  
  157  19:42  Marauder  
  157  19:43  Marauder  
  157  19:45  Marine x2  
  150  19:55  Missile Turret  
  150  19:56  Marine  
  148  20:00  Marauder  
  148  20:03  Marauder  
  148  20:05  Marauder  
  151  20:07  Marine x3  
  154  20:14  Marine  
  155  20:21  Marauder  
  155  20:25  Marine x3  
  147  20:30  Medivac x2  
  147  20:32  Marine  
  142  20:39  Terran Infantry Weapons Level 3  
  142  20:40  Neosteel Armor  
  142  20:42  Marine  
  142  20:43  Marauder, Marine x2  
  142  20:49  Marine  
  135  20:54  SCV  
  137  21:00  Marine, Medivac  
  137  21:01  Marine  
  141  21:06  SCV  
  141  21:10  Command Center  
  142  21:16  SCV x3  
  146  21:18  SCV  
  146  21:28  SCV x3  
  146  21:30  SCV  
  150  21:36  Command Center x2  
  144  21:40  SCV  
  144  21:42  SCV  
  138  21:53  Missile Turret  
  134  22:04  Marauder, Marine  
  134  22:05  Marine x5  
  129  22:19  SCV x4  
  129  22:21  Hi-Sec Auto Tracking  
  129  22:22  Marine  
  134  22:23  Marine x5  
  134  22:25  Marauder  
  134  22:29  Command Center  
  141  22:31  SCV x3  
  141  22:32  Missile Turret  
  141  22:34  Missile Turret  
  141  22:35  Missile Turret  
  144  22:40  Marine x6  
  150  22:47  Marauder  
  152  22:55  Missile Turret x2  
  152  22:56  Missile Turret  
  152  22:58  Factory Tech Lab, Marine x2  
  153  23:00  Raven  
  153  23:01  Viking  
  153  23:03  Orbital Command  
  158  23:06  Refinery  
  158  23:07  Refinery, Planetary Fortress  
  158  23:08  Marauder  
  158  23:10  SCV  
  158  23:11  SCV x2  
  158  23:12  SCV  
  164  23:17  Missile Turret  
  164  23:23  SCV x3  
  167  23:30  Marauder  
  167  23:31  Viking  
  129  24:36  Marauder, Marine  
  129  24:37  Siege Tank  
  133  24:55  SCV x4  
  133  24:57  Marauder  
  133  24:58  Refinery  
  139  25:00  Marine x2  
  139  25:01  Refinery, Barracks Tech Lab x2  
  141  25:08  Factory  
  141  25:09  Factory, Siege Tank  
  141  25:10  Sensor Tower  
  144  25:16  Terran Vehicle Weapons Level 3  
  144  25:19  Marauder  
  144  25:20  Armory  
  146  25:25  Starport, Sensor Tower  
  146  25:37  Planetary Fortress  
  146  25:40  Marauder  
  146  25:41  Siege Tank  
  152  25:42  SCV  
  152  25:43  SCV x5  
  157  26:00  Raven  
  157  26:02  Starport Tech Lab, Marauder  
  157  26:03  Factory Tech Lab  
  157  26:04  Factory Tech Lab  
  161  26:06  Marauder x2, Marine x4  
  169  26:12  Sensor Tower  
  169  26:19  Missile Turret  
  169  26:23  Marauder, Sensor Tower  
  169  26:24  Marine x4  
  169  26:25  Refinery  
  175  26:27  Marauder x2  
  175  26:28  Refinery  
  175  26:29  Terran Vehicle And Ship Armor Level 1  
  179  26:35  Corvid Reactor  
  179  26:37  Viking x2  
  183  26:40  Missile Turret  
  183  26:41  Marine  
  183  26:42  Marine x2  
  183  26:43  Raven  
  183  26:44  Marauder  
  190  26:48  Marauder x2  
  190  26:50  Siege Tank x2  
  200  27:00  Siege Tank  
  199  27:03  Missile Turret  
  199  27:07  Viking x2  
  189  27:25  Raven  
  189  27:26  Missile Turret  
  183  27:41  Raven  
  183  27:43  Marauder x3, Marine  
  183  27:44  Marine x3  
  186  28:01  Marine  
  186  28:02  Marine x3  
  186  28:04  Marauder x2  
  186  28:05  Marauder  
  196  28:08  Raven  
  198  28:19  Marine x4  
  179  28:24  Raven, Thor x2  
  179  28:25  Marine  
  179  28:26  Marauder  
  153  29:08  Thor  
  162  29:12  Marauder x3, Marine x3  
  169  29:33  Marauder x3  
  161  29:40  Marine x4  
  159  29:55  Marauder x3  
  159  29:57  Marine  
  159  29:58  Marine x3  
  136  30:15  Marine  
  136  30:16  Marauder, Marine x5  
  136  30:33  Marine x2  
  136  30:34  Marine  
Show
View Real Time Build Order
Export as new Build Order

MrEnigma Terran 

Build Orders: 1/1/1, Liberator Opening 

Get SALT Encoding   

  12  0:00  SCV  
  13  0:12  SCV  
  14  0:17  Supply Depot  
  14  0:23  Refinery  
  14  0:27  SCV  
  15  0:39  SCV  
  16  0:45  Barracks  
  16  0:51  Refinery  
  16  0:55  SCV  
  17  1:07  SCV  
  18  1:20  SCV  
  19  1:32  Reaper  
  20  1:35  Factory  
  20  1:39  Orbital Command  
  20  1:57  Supply Depot  
  20  2:06  SCV  
  21  2:10  Barracks Reactor  
  21  2:18  SCV  
  21  2:22  Hellion  
  24  2:24  Starport  
  24  2:30  SCV  
  25  2:42  SCV  
  26  2:54  SCV  
  26  2:56  Command Center  
  27  2:59  Hellion  
  29  3:07  SCV  
  29  3:09  Marine  
  31  3:21  Supply Depot  
  31  3:42  Liberator  
  31  3:43  SCV  
  35  3:51  Factory Tech Lab, Marine x2  
  35  3:55  SCV  
  38  4:02  Barracks  
  38  4:03  Barracks  
  38  4:09  Orbital Command  
  38  4:11  Marine x2  
  38  4:12  Siege Tank  
  43  4:43  Barracks Reactor  
  41  5:07  Barracks Reactor  
  41  5:08  Barracks Reactor  
  41  5:10  Barracks Tech Lab x2  
  41  5:11  Viking x2  
  41  5:12  Siege Tank  
  48  5:14  SCV x2  
  50  5:26  SCV x2  
  50  5:28  Marine x2  
  53  5:30  Stimpack  
  54  5:35  Marine x2  
  54  5:36  Combat Shield  
  54  5:40  SCV  
  54  5:41  SCV  
  58  5:46  Marine  
  59  5:54  Command Center  
  59  5:55  Supply Depot  
  60  6:04  Medivac  
  60  6:05  Medivac  
  60  6:12  SCV x2  
  60  6:13  Engineering Bay  
  60  6:17  Marine x4  
  66  6:24  SCV  
  65  6:34  Marine  
  65  6:35  Marine x3  
  67  6:51  Terran Infantry Weapons Level 1  
  67  6:52  Missile Turret  
  67  6:53  Supply Depot  
  67  6:57  Missile Turret  
  67  6:59  Refinery  
  67  7:00  SCV  
  67  7:01  SCV  
  69  7:02  Refinery  
  69  7:13  SCV x2, Planetary Fortress  
  69  7:15  Missile Turret  
  68  7:30  SCV x2  
  68  7:32  Marine x4  
  68  7:35  Missile Turret  
  76  7:38  Medivac  
  76  7:39  Medivac  
  76  7:42  SCV  
  76  7:43  SCV  
  80  7:50  Marine, Siege Tank  
  84  7:52  SCV  
  84  7:55  SCV  
  86  8:01  SCV  
  86  8:04  SCV  
  88  8:07  SCV  
  85  8:16  SCV  
  82  8:39  Marine  
  82  8:40  Marine x3  
  86  8:43  Viking x2  
  86  8:45  Siege Tank  
  91  8:51  SCV x2  
  91  8:53  Refinery, SCV, Barracks x2  
  94  8:57  Marine  
  94  8:58  Marine x3  
  94  9:02  Terran Infantry Armor Level 1  
  98  9:03  SCV  
  98  9:04  Engineering Bay  
  98  9:05  SCV  
  98  9:06  Armory  
  100  9:17  SCV  
  101  9:34  SCV, Marine x2, Siege Tank  
  107  9:45  Supply Depot  
  107  9:51  Supply Depot  
  106  10:02  SCV x2  
  107  10:12  Marine  
  107  10:13  Barracks Reactor x2, Marine  
  108  10:14  SCV, Marine x3  
  108  10:15  SCV  
  108  10:19  Factory  
  113  10:21  Factory  
  113  10:25  Terran Infantry Weapons Level 2  
  113  10:26  SCV  
  114  10:29  Siege Tank  
  114  10:30  Raven, Marine  
  114  10:33  SCV  
  121  10:37  Supply Depot  
  121  10:40  Supply Depot  
  121  10:44  Supply Depot  
  121  10:45  SCV  
  122  10:53  Command Center  
  122  10:58  SCV  
  122  11:01  Marine x7  
  122  11:02  Marine x2  
  122  11:03  Factory Tech Lab  
  132  11:06  Factory Tech Lab  
  132  11:10  SCV  
  132  11:19  Marine x8  
  132  11:22  SCV  
  117  11:47  Terran Infantry Armor Level 2  
  117  11:49  Terran Vehicle Weapons Level 1  
  103  12:01  Marine  
  103  12:02  Marine x8  
  103  12:03  Siege Tank x3  
  103  12:05  Raven  
  123  12:11  SCV, Command Center  
  123  12:14  Refinery  
  124  12:16  Command Center  
  124  12:19  Orbital Command  
  124  12:23  SCV  
  124  12:28  Marine x2  
  124  12:29  Marine x7  
  134  12:34  Smart Servos  
  134  12:36  SCV  
  135  12:37  Drilling Claws  
  135  12:38  Siege Tank  
  135  12:39  Siege Tank  
  141  12:46  Terran Infantry Weapons Level 3, Marine  
  141  12:48  SCV, Marine  
  141  12:49  Marine x5  
  151  12:56  Siege Tank  
  152  13:00  SCV  
  152  13:04  Barracks  
  153  13:06  Barracks  
  153  13:07  Viking x2  
  157  13:18  SCV x3  
  160  13:30  SCV x3  
  163  13:41  Planetary Fortress  
  163  13:44  Missile Turret  
  143  14:05  Missile Turret  
  143  14:11  Marine  
  143  14:12  Marine x7  
  143  14:15  Refinery  
  151  14:22  SCV x3  
  154  14:27  Siege Tank x3  
  154  14:28  Viking x2  
  154  14:29  Marine  
  154  14:30  Terran Vehicle Weapons Level 2, Marine x3  
  171  14:34  SCV  
  171  14:35  SCV x4  
  176  14:57  Orbital Command  
  176  14:58  SCV  
  176  14:59  Marine  
  178  15:00  Marine x6  
  175  15:24  Marine  
  175  15:25  Marine x6  
  182  15:30  Starport  
  182  15:31  Starport  
  182  15:32  Starport  
  165  16:02  Marine  
  165  16:03  Marine x4  
  170  16:04  Medivac  
  170  16:05  Medivac  
  170  16:07  Starport Reactor  
  170  16:08  Starport Reactor  
  174  16:13  Terran Infantry Armor Level 3  
  174  16:18  Starport Reactor  
  170  16:28  SCV  
  159  16:57  Marine  
  159  16:58  Marine x7  
  150  17:15  Marine  
  135  17:33  Medivac  
  135  17:34  Medivac  
  133  17:53  SCV, Sensor Tower  
  133  17:54  SCV x3  
  133  17:56  Marine x8  
  133  17:57  Viking  
  133  17:58  Viking x4  
  153  17:59  Viking  
  153  18:03  Medivac  
  152  18:22  Refinery x2  
  151  18:41  Marine x8  
  147  18:50  Siege Tank x2  
  153  18:58  Marine  
  153  18:59  Barracks Reactor x2, Marine x7  
  153  19:01  Hi-Sec Auto Tracking, Neosteel Armor  
  161  19:03  Terran Vehicle Weapons Level 3  
  161  19:16  Marine  
  161  19:17  Marine x4  
  162  19:19  Barracks x2  
  162  19:20  Barracks  
  162  19:21  Barracks x2  
  166  19:44  Marine  
  166  19:45  Marine x6  
  166  20:00  Sensor Tower  
  166  20:13  Marine x8  
  170  20:28  Viking x2  
  170  20:29  Medivac, Viking  
  170  20:30  Marine, Medivac  
  179  20:44  Marine x2  
  179  20:45  Marine x2  
  179  20:46  Marine  
  179  20:47  Marine x2, Medivac x2, Siege Tank  
  179  20:48  Siege Tank  
  182  20:51  Marine  
  183  20:57  Barracks  
  183  21:01  Marine  
  183  21:02  Marine  
  183  21:03  Marine x2  
  187  21:04  Command Center  
  187  21:07  Barracks x2  
  187  21:11  Command Center  
  187  21:19  Marine  
  187  21:43  Marine x2  
  172  21:57  Marine x5  
  159  22:10  Marine  
  159  22:11  Marine x2  
  159  22:15  Marine x5  
  126  22:18  Viking x5  
  126  22:19  Viking x3  
  145  22:28  Marine  
  145  22:29  Marine x2  
  148  22:33  Marine x5, Missile Turret  
  153  22:48  Medivac, Viking x2  
  159  22:54  Refinery  
  159  22:56  Refinery  
  159  22:59  Barracks Reactor  
  159  23:00  Marine  
  159  23:01  Marine x7  
  159  23:02  Barracks Reactor  
  167  23:18  Marine  
  167  23:19  Marine x7  
  174  23:31  Barracks  
  174  23:32  Barracks x3  
  174  23:36  Marine x2  
  174  23:37  Marine x6  
  133  23:54  Marine x3  
  88  24:15  Marine  
  88  24:16  Marine x11  
  59  24:33  Marine x6  
  59  24:34  Marine x6  
  71  24:51  Marine x8  
  78  24:54  Orbital Command, Marine x4  
  82  25:01  Barracks  
  82  25:03  Barracks x2  
  82  25:08  Marine  
  82  25:09  Marine x3  
  86  25:15  Barracks Reactor  
  86  25:16  Marine  
  86  25:17  Marine x7  
  86  25:20  Marine  
  86  25:21  Marine  
  96  25:22  Marine  
  96  25:23  Marine  
  96  25:26  Marine, Viking x3  
  96  25:27  Marine x3, Viking x4  
  116  25:30  Orbital Command  
  116  25:34  Marine  
  116  25:35  Marine x5  
  122  25:59  Marine  
  122  26:00  Marine x9  
  122  26:01  Marine  
  133  26:08  Medivac  
  135  26:21  SCV x2  
  137  26:28  Refinery, Marine  
  137  26:29  Marine x6  
  144  26:33  Medivac  
  146  26:57  Marine  
  146  26:58  Marine x11  
  146  26:59  Marine  
  147  27:17  Marine x2  
  140  27:59  Marine  
  140  28:00  Marine x18  
  147  28:17  Marine  
  132  28:23  Medivac  
  132  28:24  Medivac x3  
  132  28:26  Orbital Command  
  68  29:21  Marine  
  68  29:22  Marine x4  
  71  29:29  Orbital Command  
Tags
 
Add a new tag
Caveats
  • Supply blocks, unpowered buildings, or Contaminate may cause inaccurate times.
  • Supply counts are checked every 10 seconds.